 Dungeon Crawl Stone Soup version 0.31-a0-233-g139696dc86 (webtiles) character file.

Game seed: 11546055603602031057

241 qw the Shooter (level 6, -2/36 HPs)
             Began as a Gargoyle Hexslinger on July 7, 2023.
             Slain by Grinder (9 damage)
             ... on level 3 of the Dungeon.
             The game lasted 00:01:08 (2987 turns).

qw the Shooter (Gargoyle Hexslinger)                Turns: 2987, Time: 00:01:09

Health: -2/36      AC:  6    Str: 11    XL:     6   Next: 8%
Magic:  7/7        EV: 12    Int: 14    God:
Gold:   158        SH:  0    Dex: 14    Spells: 6/7 levels left

rFire   + . .        Y - +3 sling
rCold   + . .        (no shield)
rNeg    + . .        c - +0 robe
rPois   inf          (no helmet)
rElec   +            m - scarf {rC+ rF+}
rCorr   .            (no gloves)
SInv    .            (no boots)
Will    .....        (no amulet)
Stlth   +            (no ring)
HPRegen 0.26/turn    (no ring)
MPRegen 0.10/turn

%: no passive effects
@: no status effects
A: sickness immunity, AC +4, negative energy resistance 1, electricity
resistance, torment resistance 1, petrification resistance
a: no special abilities


You were on level 3 of the Dungeon.
You visited 1 branch of the dungeon, and saw 3 of its levels.

You collected 158 gold pieces.


Innate Abilities, Weirdness & Mutations

You are immune to sickness and miasma.
Your stone body is resilient. (AC +4)
You are immune to poison.
You resist negative energy. (rN+)
You are resistant to electric shocks. (rElec)
You are resistant to unholy torment.
You are immune to petrification.


   Skills:
 + Level 2.9 Fighting
 - Level 5.6 Ranged Weapons
 - Level 1.5 Dodging
 - Level 1.0 Spellcasting
 - Level 2.6 Hexes


You had 6 spell levels left.
You knew the following spells:

 Your Spells              Type           Power      Damage    Failure   Level
a - Slow                  Hex            32%        N/A       9%          1

Your spell library contained the following spells:

 Spells                   Type           Power      Damage    Failure   Level
 Inner Flame              Hex/Fire       4%         N/A       41%         3
 Portal Projectile        Hex/Tloc       8%         N/A       41%         3
 Cause Fear               Hex            4%         N/A       65%         4

Inventory:

Hand Weapons
 Y - a +3 sling (weapon)
Armour
 c - a +0 robe (worn)
 h - a +0 ring mail
 m - a scarf of resistance (worn)
Scrolls
 a - a scroll of identify
Potions
 b - 3 potions of cancellation
 d - a potion of attraction {unknown}
 e - a potion of might
 f - a potion of lignification {unknown}
 g - 2 potions of degeneration {unknown}
 i - a potion of mutation {unknown}
 j - 4 potions of curing

Dungeon Overview and Level Annotations

Branches:
Dungeon (3/15)

Altars:
Wu Jian
Xom

Shops:
D:2 (

Annotations:
D:3 Grinder


Message History

You shoot a sling bullet.
The sling bullet closely misses Grinder.
Grinder completely misses you.
You shoot a sling bullet. The sling bullet hits Grinder.
Grinder is moderately wounded.
Grinder drinks a potion.
Grinder seems to speed up.
You shoot a sling bullet. The sling bullet hits Grinder.
Grinder is heavily wounded.
Grinder barely misses you. Grinder hits you but does no damage.
You shoot a sling bullet. The sling bullet hits Grinder!
Grinder is severely wounded.
Grinder hits you.
You writhe in agony.
Grinder closely misses you.
You shoot a sling bullet. The sling bullet hits Grinder.
Grinder is severely wounded.
Grinder gestures at you.
You suddenly lose the ability to move!
Grinder hits you but does no damage. Grinder hits you.
You writhe in agony.
Grinder gestures at you.
You shrug off the repeated paralysis!
Grinder hits you.
You writhe in agony.
Grinder blinks!
You can move again.
You shoot a sling bullet. The sling bullet hits Grinder.
Grinder is severely wounded.
You shoot a sling bullet. The sling bullet hits Grinder.
Grinder is severely wounded.
Grinder gestures at you.
You suddenly lose the ability to move!
Grinder hits you but does no damage. Grinder hits you. Grinder hits you.
Grinder hits you but does no damage.
You can move again.
You shoot a sling bullet.
The sling bullet closely misses Grinder.
Grinder hits you but does no damage. Grinder completely misses you.
You shoot a sling bullet.
The sling bullet completely misses Grinder.
Grinder hits you.
You writhe in agony.
You shoot a sling bullet. The sling bullet barely misses Grinder.
Grinder hits you!
You die...

#....##.# #.##............#.#..
#....##.###.##.(..........#.###
#..r..#......##.....(.....#...#
#...######...####.........###.#
#.....# #..............### #..
#...#.# #............#.# ###
##....# #............#.# #..
###.#### ##....5.......# #.#
#.....####...).@.......# #.#
#####....#...#........## ###+#
######....#...#........## ^....
....##..>.#...#.........# .....
....##....#####.........+ ###+#
....##<................## +...
....##..........######## #...
....##................. #._.
....##................. #...


You could see Grinder (fast).

Vanquished Creatures
  A black bear (D:3)
  3 adders
  3 gnolls (D:2)
  2 dart slugs
  A worm (D:3)
  10 orcs (D:3)
  4 bats
  9 endoplasms
  3 giant cockroaches
  6 goblins
  4 hobgoblins
  4 jackals (D:1)
  10 kobolds
  2 quokkas (D:1)
  3 ball pythons (D:1)
  4 frilled lizards
  6 rats
75 creatures vanquished.

Notes
Turn   | Place    | Note
-------+----------+-------------------------------------------
     0 | D:1      | qw the Gargoyle Hexslinger began the quest for the Orb.
     0 | D:1      | Reached XP level 1. HP: 12/12 MP: 2/2
     0 | D:1      | 0 ||| qw: Version: 0.3-a-46-gb1f654a
     0 | D:1      | 0 ||| qw: Game counter: 3316
     0 | D:1      | 0 ||| qw: Melee chars always use a shield: true
     0 | D:1      | 0 ||| qw: God list: Okawaru
     0 | D:1      | 0 ||| qw: Allow faded altars: false
     0 | D:1      | 0 ||| qw: Do Orc after clearing Dungeon:15 true
     0 | D:1      | 0 ||| qw: Do second Lair branch before Depths: true
     0 | D:1      | 0 ||| qw: Lair rune preference: random
     0 | D:1      | 0 ||| qw: Goals: Normal
     0 | D:1      | 0 ||| PLANNING D:1-11
   199 | D:1      | HP: 3/12 [jackal (3)]
   201 | D:1      | Reached XP level 2. HP: 5/16 MP: 3/3
   207 | D:1      | HP: 4/16 [jackal (1)]
   341 | D:1      | Reached skill level 3 in Ranged Weapons
   427 | D:1      | Reached XP level 3. HP: 21/21 MP: 4/4
   883 | D:1      | 883 ||| READING 2 scrolls labelled TOBAER ARUDIPP.
   884 | D:1      | 884 ||| READING scroll labelled WOYVOSTR VAJOFI.
   885 | D:1      | 885 ||| READING 2 scrolls labelled OBAIMIL MOETUO.
   886 | D:1      | 886 ||| READING scroll of enchant weapon.
   886 | D:1      | 886 ||| ENCHANTING +2 sling.
   887 | D:1      | 887 ||| DROPPING scroll of revelation.
   888 | D:1      | 888 ||| DROPPING scroll of poison.
   946 | D:2      | Found Qiach's Weapon Boutique.
   952 | D:2      | 952 ||| SHOPLISTING +3 arbalest (258 gold, have 55).
  1205 | D:2      | Reached XP level 4. HP: 26/26 MP: 5/5
  1262 | D:2      | 1262 ||| Stepping ~*~*~tactically~*~*~ (outnumbered).
  1264 | D:2      | 1264 ||| Stepping ~*~*~tactically~*~*~ (outnumbered).
  1268 | D:2      | Reached skill level 4 in Ranged Weapons
  1273 | D:2      | 1273 ||| FLEEEEING.
  1274 | D:2      | 1274 ||| FLEEEEING.
  1275 | D:2      | 1275 ||| FLEEEEING.
  1276 | D:2      | 1276 ||| FLEEEEING.
  1277 | D:2      | 1277 ||| FLEEEEING.
  1278 | D:2      | 1278 ||| FLEEEEING.
  1279 | D:2      | 1279 ||| FLEEEEING.
  1280 | D:2      | 1280 ||| FLEEEEING.
  1281 | D:2      | 1281 ||| FLEEEEING.
  1282 | D:2      | 1282 ||| FLEEEEING.
  1283 | D:2      | 1283 ||| FLEEEEING.
  1284 | D:2      | 1284 ||| FLEEEEING.
  1285 | D:2      | 1285 ||| FLEEEEING.
  1286 | D:2      | 1286 ||| FLEEEEING.
  1631 | D:2      | Found an ornate altar of the Wu Jian Council.
  2192 | D:2      | 2192 ||| UPGRADING to scarf of resistance.
  2197 | D:2      | 2197 ||| READING 3 scrolls labelled WOTTYLO SEIM.
  2198 | D:2      | 2198 ||| READING scroll labelled WEKLUJIBRU.
  2199 | D:2      | 2199 ||| READING scroll labelled LEFAPOAHINK.
  2200 | D:2      | 2200 ||| READING 2 scrolls labelled GIUNWEMUES.
  2205 | D:2      | 2205 ||| READING scroll labelled QEVIUMM JYURPHY.
  2206 | D:2      | 2206 ||| READING scroll labelled SECUADD DOZEZO.
  2207 | D:2      | 2207 ||| READING scroll labelled CAUQ GIHIE.
  2308 | D:2      | 2308 ||| DRINKING 2 orange potions.
  2309 | D:2      | 2309 ||| DRINKING 2 bubbling orange potions.
  2413 | D:2      | 2413 ||| DRINKING 3 golden potions.
  2414 | D:2      | 2414 ||| READING 2 scrolls of identify.
  2414 | D:2      | 2414 ||| IDENTIFYING sedimented golden potion
  2415 | D:2      | 2415 ||| DROPPING potion of berserk rage.
  2480 | D:3      | Noticed a black bear
  2489 | D:3      | Killed a black bear
  2490 | D:3      | Reached skill level 5 in Ranged Weapons
  2490 | D:3      | Reached XP level 5. HP: 20/30 MP: 6/6
  2490 | D:3      | 2490 ||| FLEEEEING.
  2491 | D:3      | 2491 ||| FLEEEEING.
  2496 | D:3      | 2496 ||| FLEEEEING.
  2497 | D:3      | 2497 ||| FLEEEEING.
  2498 | D:3      | 2498 ||| FLEEEEING.
  2499 | D:3      | 2499 ||| FLEEEEING.
  2500 | D:3      | 2500 ||| FLEEEEING.
  2501 | D:3      | 2501 ||| FLEEEEING.
  2507 | D:3      | 2507 ||| STAIRDANCE
  2609 | D:3      | Found a shimmering altar of Xom.
  2637 | D:3      | HP: 7/30 [orc/+0 trident (2)]
  2638 | D:3      | 2638 ||| READING scroll of teleportation.
  2738 | D:3      | Reached XP level 6. HP: 36/36 MP: 7/7
  2957 | D:3      | Noticed Grinder
  2960 | D:3      | 2960 ||| FLEEEEING.
  2961 | D:3      | 2961 ||| FLEEEEING.
  2964 | D:3      | 2964 ||| FLEEEEING.
  2965 | D:3      | 2965 ||| FLEEEEING.
  2965 | D:3      | Paralysed by Grinder for 5 turns
  2976 | D:3      | Paralysed by Grinder for 4 turns
  2981 | D:3      | Paralysed by Grinder for 4 turns
  2986 | D:3      | HP: 9/36 [Grinder (4)]
  2987 | D:3      | Slain by Grinder

Levels and vault maps discovered:
D:1:      minmay_arrival_plants_in_alcoves, layout_basic
D:2:      minmay_razor_zed, layout_basic, serial_shops, shop,
          serial_co_window_serial, co_window_corner_a, co_window_corner_a,
          co_window_of_opportunity_a, co_window_of_opportunity_a,
          co_window_corner_a, co_window_paths_b, co_window_paths_c,
          co_window_corner_ca, co_window_2corner, co_window_corner_ca,
          co_window_corner_b, co_window_broadway_b, co_window_paths_c,
          glass_columns_a, glass_columns_c, glass_columns_a, glass_columns_b,
          basic_altar
D:3:      layout_basic, mainiacjoe_overflow_24_doors, uniq_grinder

Skill      XL: |  1  2  3  4 |
---------------+-------------+-----
Ranged Weapons | 3 5 |  5.6
Fighting       | 2 |  2.9
Dodging        | |  1.5
Spellcasting   | |  1.0
Hexes          | |  2.6

Action                     |  1- 3 |  4- 6 || total
---------------------------+-------+-------++-------
   Fire: Sling             |   116 |   126 ||   242
    Use: Scroll            |     4 |     9 ||    13
         Potion            |       |     3 ||     3
 Armour: Robe              |    19 |    25 ||    44
  Dodge: Dodged            |    63 |    34 ||    97

Table legend:
 A = Non-vault XP
 B = Vault XP
 C = Vault XP percentage of total XP
 D = Non-vault monster count
 E = Vault monster count
 F = Vault count percentage of total count
                 A         B        C        D         E       F
            +---------+---------+-------+---------+---------+-------
      Total |     316 |      29 |   8.4 |      65 |      10 |  13.3
            +---------+---------+-------+---------+---------+-------
        D:1 |      42 |       0 |   0.0 |      22 |       0 |   0.0
        D:2 |      80 |      29 |  26.6 |      19 |      10 |  34.5
        D:3 |     194 |       0 |   0.0 |      24 |       0 |   0.0
            +---------+---------+-------+---------+---------+-------
